 Dungeon Crawl Stone Soup version 0.28-a0-1510-gd0f6b136d3 (webtiles) character file.

Game seed: 16435252421393813532

528 Shayle the Ducker (level 7, -2/51 HPs)
             Began as a Djinni Warper on Jan 15, 2022.
             Slain by an orc warrior (13 damage)
             ... on level 5 of the Dungeon.
             The game lasted 00:08:57 (3917 turns).

Shayle the Ducker (Djinni Warper)                   Turns: 3917, Time: 00:08:58

Health: -2/51      AC:  4    Str: 10    XL:     7   Next: 48%
Gold:   169        EV: 12    Int: 26    God:
                   SH:  0    Dex:  9

rFire   + + .      SeeInvis .   i - +1 short sword (elec)
rCold   . . .      Faith    .   (no shield)
rNeg    + + .      Spirit   .   s - +1 robe of Complete Protection {rC+ Int+6}
rPois   ∞          Reflect  .   (no helmet)
rElec   .          Harm     .   l - +0 cloak
rCorr   .          Rampage  .   (no gloves)
Will    .....                   (boots unavailable)
Stlth   +.........              (no amulet)
HPRegen 0.17/turn               e - ring of positive energy
MPRegen 0.00/turn               p - ring of Ylebaic {Fly rPois rN+ Int+3 Dex-3}

@: flying
A: sickness immunity, fire resistance 2, cold vulnerability 1, float, innate
caster, hp casting, extra vitality 1
a: no special abilities


You were on level 5 of the Dungeon.
You visited 1 branch of the dungeon, and saw 5 of its levels.

You collected 169 gold pieces.

Inventory:

Hand Weapons
 i - a +1 short sword of electrocution (weapon)
Missiles
 c - 5 boomerangs of dispersal (quivered)
Armour
 a - a +0 leather armour
 l - a +0 cloak (worn)
 s - the +1 robe of Complete Protection (worn) {rC+ Int+6}
   (You found it on level 4 of the Dungeon)

   Int:       It affects your intelligence (+6).
   rC:        It protects you from cold.
Jewellery
 e - a ring of positive energy (left hand)
 n - a ring of fire
 p - the ring of Ylebaic (right hand) {Fly rPois rN+ Int+3 Dex-3}
   (You found it on level 4 of the Dungeon)

   [ring of flight]

   Int:       It affects your intelligence (+3).
   Dex:       It affects your dexterity (-3).
   rPois:     It protects you from poison.
   rN:        It protects you from negative energy.
   Fly:       It grants you flight.
Scrolls
 b - 2 scrolls of blinking
 f - a scroll of enchant armour
 g - 2 scrolls of immolation
 h - 3 scrolls of identify
 j - 2 scrolls of vulnerability {unknown}
 k - a scroll of magic mapping {unknown}
 o - a scroll of noise {unknown}
 u - a scroll of fear {unknown}
Potions
 d - a potion of curing
 m - a potion of magic {unknown}
 q - a potion of heal wounds {unknown}
 r - a potion of brilliance {unknown}
 t - 2 potions of lignification {unknown}


   Skills:
 + Level 3.8 Fighting
 - Level 0.7 Throwing
 + Level 3.3 Armour
 + Level 4.1 Dodging
 + Level 3.8 Unarmed Combat
 + Level 3.4 Spellcasting


You couldn't memorise any spells.
You knew the following spells:

 Your Spells              Type           Power      Damage    Failure   Level
a - Blink                 Tloc           44%        N/A       3%          2
b - Lesser Beckoning      Tloc           22%        N/A       6%          3
c - Gell's Gravitas       Tloc           22%        N/A       6%          3
d - Teleport Other        Tloc           22%        N/A       6%          3
e - Manifold Assault      Tloc           22%        N/A       52%         5
f - Sting                 Tmut/Pois      88%        1d7       2%          1
g - Call Imp              Summ           22%        N/A       3%          2
h - Corpse Rot            Necr/Air       44%        N/A       3%          2
Your spell library was empty.

Dungeon Overview and Level Annotations

Branches:
Dungeon (5/15)
 Temple: D:4-7

Altars:
Gozag
Hepliaklqana
Xom

Shops:
D:3 [   D:4 *   D:5 [

Annotations:
D:3 2 runed translucent doors, Crazy Yiuf; sirJeffrey23's ghost, amateur HuGl


Innate Abilities, Weirdness & Mutations

You are immune to sickness and miasma.
You are immune to poison.
Your flesh is very heat resistant. (rF++)
You are vulnerable to cold. (rC-)
You float through the air rather than walking.
You learn spells naturally, not from books.
Your magical power is your life essence.
You have superior vitality. (+4 MHP)


Message History

The orc warrior is moderately wounded.
The orc warrior closely misses you.
Your white imp barely misses the orc warrior.
You barely miss the orc warrior.
The orc warrior is moderately wounded.
The orc warrior barely misses you.
Your white imp hits the orc warrior but does no damage.
The orc warrior closely misses you.
You barely miss the orc warrior.
The orc warrior is moderately wounded.
Your white imp misses the orc warrior.
The orc warrior hits you with a +0 short sword!
You closely miss the orc warrior.
The orc warrior is heavily wounded.
Your white imp misses the orc warrior.
The orc warrior hits you with a +0 short sword.
You closely miss the orc warrior.
The orc warrior is heavily wounded.
Your white imp hits the orc warrior but does no damage.
The orc warrior hits you with a +0 short sword!
Casting: Call Imp (safe; 3% risk of failure)
Confirm with . or Enter, or press ? or * to list all spells.
Aiming: Sting (safe; 2% risk of failure)
Press: ? - help, Shift-Dir - straight line, f/p - orc warrior
Aim: an orc warrior, wielding a +0 short sword and wearing a +0 chain mail (heavily wounded, poisoned, ally target, 73% to hit)
The sting hits the orc warrior but does no damage.
The orc warrior looks even sicker.
The orc warrior is heavily wounded.
Your white imp closely misses the orc warrior.
The orc warrior hits you with a +0 short sword!
* * * LOW HITPOINT WARNING * * *
You closely miss the orc warrior.
The orc warrior is heavily wounded.
Your white imp barely misses the orc warrior.
The orc warrior hits you with a +0 short sword.
* * * LOW HITPOINT WARNING * * *
It was a potion of curing.
You feel better.
Your white imp barely misses the orc warrior.
The orc warrior hits you with a +0 short sword!
You die...

### ###
#.###############.###
#.....5o@...........#
#.###############.###
#.# #.# #.# #.# #.#
#.# #.# #.# #.#
#######.# #.#
........### #.#
..........#


You could see an orc warrior (very poisoned, ally target) and a friendly white
imp (summoned).

Vanquished Creatures
  An ogre (D:4)
  A bullfrog (D:4)
  A bullfrog skeleton (D:5)
  A gnoll shaman (D:4)
  A hound (D:4)
  An orc wizard (D:5)
  2 iguanas (D:4)
  4 gnolls
  3 adders
  2 adder skeletons (D:4)
  A worm (D:3)
  5 dart slugs
  An orc (D:5)
  2 bats (D:2)
  4 endoplasms
  5 giant cockroaches
  7 goblins
  6 hobgoblins
  5 kobolds
  3 ball pythons
  5 frilled lizards
  7 rats
68 creatures vanquished.

Vanquished Creatures (collateral kills)
  An ogre (D:4)
1 creature vanquished.

Grand Total: 69 creatures vanquished

Notes
Turn   | Place    | Note
-------+----------+-------------------------------------------
     0 | D:1      | Shayle the Djinni Warper began the quest for the Orb.
     0 | D:1      | Reached XP level 1. HP: 18/18 MP: 0/0
   178 | D:1      | Reached XP level 2. HP: 23/23 MP: 0/0
   675 | D:1      | Reached XP level 3. HP: 28/28 MP: 0/0
   675 | D:1      | Learned a level 1 spell: Sting
   990 | D:2      | Found a faded altar of an unknown god.
  1106 | D:2      | Found a shimmering altar of Xom.
  1281 | D:2      | Reached XP level 4. HP: 33/34 MP: 0/0
  1582 | D:3      | Found a runed translucent door.
  1583 | D:3      | Noticed Crazy Yiuf
  1615 | D:3      | Found a runed translucent door.
  1615 | D:3      | Noticed sirJeffrey23's ghost (amateur HuGl)
  1851 | D:3      | Found an opulent altar of Gozag.
  1915 | D:3      | Found Imeel's Antique Armour Shop.
  2387 | D:4      | Reached skill level 3 in Dodging
  2387 | D:4      | Reached XP level 5. HP: 22/39 MP: 0/0
  2387 | D:4      | Learned a level 2 spell: Call Imp
  2390 | D:4      | Identified the ring of Ylebaic {Fly rPois rN+ Int+3 Dex-3}
  2761 | D:4      | Found Iseheqe's General Store.
  2774 | D:4      | Identified the +1 robe of Complete Protection {rC+ Int+6}
  2817 | D:4      | Found a shimmering altar of Xom.
  2818 | D:4      | Found a hazy altar of Hepliaklqana.
  2819 | D:4      | Noticed a spectral ugly thing
  2894 | D:4      | Noticed an ogre
  2894 | D:4      | Noticed an ogre
  2898 | D:4      | Killed an ogre
  2899 | D:4      | Reached XP level 6. HP: 26/46 MP: 0/0
  2952 | D:5      | Entered Level 5 of the Dungeon
  3226 | D:4      | Noticed an ogre
  3232 | D:4      | Killed an ogre
  3340 | D:4      | Reached XP level 7. HP: 38/50 MP: 0/0
  3340 | D:4      | Learned a level 2 spell: Corpse Rot
  3579 | D:4      | Reached skill level 4 in Dodging
  3795 | D:5      | Found Bucvuxt's Antique Armour Shoppe.
  3916 | D:5      | HP: 2/51 [orc warrior (3)]
  3917 | D:5      | Slain by an orc warrior

Illustrated notes

Levels and vault maps discovered:
D:1:      lemuel_arrival_funnel, layout_rooms, grunt_decor_resistance
D:2:      layout_basic, basic_altar, ebering_ecumenical_altar_sacrificial,
          corexii_item_surrounded_by_moat
D:3:      layout_loops_ring, mainiacjoe_overflow_brackets, serial_shops, shop,
          hellmonk_ghost_happy_afterlife, minmay_misc_feat_rows,
          lightli_corner_chamber, uniq_crazy_yiuf_cottage
D:4:      minmay_skewed_foursquare, layout_gridville,
          regret_index_temple_of_mockery, serial_shops, shop
D:5:      layout_basic, serial_shops, nicolae_shop_statue_plus, shop,
          nicolae_shop_advertising_works [nicolae_subvault_shop_adworks],
          nicolae_lakefront_shop, shop, nicolae_shop_unique_rings,
          minmay_misc_feat_roman, hangedman_abyss_or_decor_stabs

Skill      XL: |  1  2  3  4  5  6  7 |
---------------+----------------------+-----
Armour         | 2 3 |  3.3
Dodging        | 3 4 |  4.1
Fighting       | 3 |  3.8
Unarmed Combat | 3 |  3.8
Spellcasting   | 3 |  3.4
Throwing       | |  0.7

Action                   |  1- 3 |  4- 6 |  7- 9 || total
-------------------------+-------+-------+-------++-------
Melee: Unarmed           |    86 |       |       ||    86
       Punch             |     1 |     3 |       ||     4
       Short sword       |    24 |   109 |    17 ||   150
 Cast: Teleport Other    |       |     1 |       ||     1
       Sting             |       |     7 |    19 ||    26
       Call Imp          |       |     3 |     1 ||     4
  Use: Scroll            |       |     3 |       ||     3
       Potion            |       |       |     1 ||     1
Armor: Leather armour    |    23 |    28 |       ||    51
       Robe              |       |     8 |     2 ||    10
Dodge: Dodged            |    68 |    76 |    15 ||   159

Table legend: (Time is in decaauts)
 A = Elapsed time spent in this place.
 B = Non-inter-level travel time spent in this place.
 C = Inter-level travel time spent in this place.
 D = Time resting spent in this place.
 E = Time spent auto-exploring this place.
 F = Levels seen in this place.
 G = Mean time per level.
                   A        B        C        D        E       F      G
               +--------+--------+--------+--------+--------+-----+--------+
         Total |   3928 |   3846 |     82 |    407 |   2481 |   5 |  785.6 |
       Dungeon |   3928 |   3846 |     82 |    407 |   2481 |   5 |  785.6 |
               +--------+--------+--------+--------+--------+-----+--------+

Top non-repeatable levels by time:
     D:4: 1270 daAuts
     D:1: 986 daAuts
     D:3: 882 daAuts
     D:2: 525 daAuts
     D:5: 263 daAuts
